 Dungeon Crawl Stone Soup version 0.22-a0-247-gbddf880757 (webtiles) character file.

11353 Peterchen the Severer (level 11, -2/82 HPs)
             Began as a Minotaur Berserker on Feb 25, 2018.
             Was a High Priest of Trog.
             Slain by Snorg (3 damage)
             ... on level 11 of the Dungeon.
             The game lasted 00:33:34 (9863 turns).

Peterchen the Severer (Minotaur Berserker)          Turns: 9863, Time: 00:33:34

Health: -2/82      AC: 12    Str: 26    XL:     11   Next: 48%
Magic:  10/10      EV:  7    Int:  4    God:    Trog [*****.]
Gold:   626        SH:  0    Dex:  9    Spells: 10/10 levels left

rFire    . . .     SeeInvis .   E - +2 battleaxe (drain)
rCold    . . .     Gourm    .   (shield currently unavailable)
rNeg     . . .     Faith    .   e - +0 plate armour
rPois    +         Spirit   .   (helmet restricted)
rElec    .         Reflect  .   (no cloak)
rCorr    .         Harm     .   d - +0 pair of gloves
MR       .....                  (no boots)
Stlth    ..........             (no amulet)
HPRegen  0.23/turn              p - ring of poison resistance
MPRegen  0.12/turn              (no ring)

@: no status effects
A: retaliatory headbutt, horns 2
a: Berserk, Trog's Hand, Brothers in Arms, Renounce Religion


You were on level 11 of the Dungeon.
You worshipped Trog.
Trog was extremely pleased with you.
You were near starving.

You visited 1 branch of the dungeon, and saw 11 of its levels.
You also visited: Ossuary.

You collected 626 gold pieces.

Inventory:

Hand Weapons
 E - a +2 battleaxe of draining (weapon)
Armour
 d - a +0 pair of gloves (worn)
 e - a +0 plate armour (worn)
Jewellery
 p - a ring of poison resistance (left hand)
Wands
 b - a wand of digging (17)
 j - a wand of polymorph (14)
 y - a wand of enslavement (8)
 A - a wand of paralysis (12)
 C - a wand of iceblast (9)
Scrolls
 h - 3 scrolls of fear
 k - 7 scrolls of teleportation
 l - a scroll of blinking
 m - a scroll of fog
 o - 2 scrolls of immolation
 q - 4 scrolls of remove curse
 s - 2 scrolls of enchant armour
 D - a scroll of summoning
 G - a scroll of magic mapping {unknown}
Potions
 a - 2 potions of agility
 f - 4 potions of degeneration
 g - 4 potions of lignification
 i - a potion of haste {unknown}
 n - 2 potions of curing
 r - a potion of resistance {unknown}
 t - a potion of heal wounds {unknown}
 v - a potion of mutation {unknown}
 w - 4 potions of brilliance {unknown}
 x - 4 potions of flight {unknown}
 z - 2 potions of ambrosia {unknown}
 B - a potion of might {unknown}
 F - a potion of invisibility {unknown}
Comestibles
 c - 23 rations
 u - 7 chunks of flesh


   Skills:
 - Level 3.6 Fighting
 * Level 19.9 Axes
 - Level 2.4 Armour
 - Level 2.1 Dodging


You had 10 spell levels left.
You didn't know any spells.

Dungeon Overview and Level Annotations

Branches:
Dungeon (11/15)            Temple (0/1) D:6            Lair (0/6) D:9
    Orc (0/2) D:11

Altars:
Ashenzari
Hepliaklqana
Kikubaaqudgha
Okawaru
Qazlal
Sif Muna
Vehumet
Wu Jian
Xom
Zin

Shops:
D:5 }

Annotations:
D:11 Snorg


Innate Abilities, Weirdness & Mutations

You reflexively headbutt those who attack you in melee.
You have a pair of horns on your head.


Message History

Trog accepts your kill.
Snorg goes berserk!
Snorg bites you!
* * * LOW HITPOINT WARNING * * *
Snorg claws you but does no damage. Snorg barely misses you.
You swap places.
Your troll bites Snorg.
Your troll misses Snorg.
Your troll claws Snorg!!
Snorg barely misses your troll.
Snorg claws your troll. x2; Your troll barely misses Snorg.
Your troll claws Snorg.
Your troll claws Snorg!
Snorg bites your troll!! Snorg claws your troll. x2
Your troll barely misses Snorg.
Your troll claws Snorg!
Your troll claws Snorg.
Snorg bites your troll!!
Your troll dies!
Your troll's corpse disappears in a puff of smoke!
Your ogre goes berserk!
You feel somewhat more hungry. Snorg bites you!
* * * LOW HITPOINT WARNING * * *
Snorg claws you.
You die...

....# ## ....#### ......#
######'#...# ...........#
# ########........# ###
................# #..
###########.(.(...#####.#
#....ยง.T@O.(....#....##.#
#.....#####.#####....'...
#####.#####.# #....###.
#(...T(.# #....# #.
######### #....# #.
......###. #####+##...
#.## #.#


You could see Snorg (berserk) and a friendly ogre (berserk).

Vanquished Creatures
  3 death yaks (D:9)
  3 two-headed ogres
  An ugly thing (D:10)
  The ghost of RedPan the Slasher, an amateur DsMo (D:5)
  Grinder (D:6)
  2 hippogriffs (D:9)
  A human (D:7)
  4 hogs (D:7)
  A steam dragon (D:8)
  Menkaure (Ossuary)
  A hungry ghost (D:9)
  A water moccasin (D:8)
  5 orc warriors
  A porcupine (D:9)
  2 phantoms
  2 sky beasts
  An ice beast (D:8)
  2 ogres
  3 centaurs
  A big kobold (D:11)
  A crocodile (D:10)
  5 bullfrogs
  A wyvern skeleton (D:9)
  7 scorpions
  17 killer bees
  10 wights
  6 howler monkeys
  3 crimson imps
  A quasit (D:3)
  A bullfrog zombie (D:11)
  3 hounds
  3 jellies
  3 orc wizards
  A bullfrog skeleton (D:5)
  5 orc priests
  4 iguanas
  A centaur skeleton (D:6)
  A gnoll shaman (D:10)
  Ijyb (D:2)
  Terence (D:3)
  Natasha (twice) (D:3)
  4 worker ants
  2 hound zombies (D:6)
  3 mummies (Ossuary)
  2 worker ant zombies
  9 gnolls
  12 adders
  2 river rats (D:9)
  2 shadow imps (D:8)
  An ooze (D:1)
  2 adder zombies
  2 adder skeletons
  3 worms
  2 dart slugs
  5 leopard geckos
  23 orcs
  10 bats
  8 giant cockroaches
  A gnoll zombie (D:4)
  8 goblins
  12 hobgoblins
  7 jackals
  6 quokkas
  A ball python (D:2)
  2 ball python skeletons (D:4)
  3 frilled lizards
  4 gnoll skeletons (Ossuary)
  A goblin zombie (Ossuary)
  5 hobgoblin skeletons (Ossuary)
  4 hobgoblin zombies (Ossuary)
  13 kobolds
  3 kobold skeletons (Ossuary)
  2 kobold zombies (Ossuary)
  3 leopard gecko skeletons
  4 orc zombies (Ossuary)
  2 quokka skeletons
  4 rats
  2 rat skeletons (Ossuary)
  2 rat zombies (Ossuary)
295 creatures vanquished.

Vanquished Creatures (collateral kills)
  A cyclops (D:11)
  A centaur (D:9)
  An orc wizard (D:9)
  2 orc priests (D:9)
  An iguana (D:9)
  2 orcs (D:9)
  A rat (D:9)
9 creatures vanquished.

Vanquished Creatures (others)
  A gnoll zombie (Ossuary)
  A gnoll skeleton (Ossuary)
  A goblin skeleton (Ossuary)
  3 goblin zombies (Ossuary)
  2 hobgoblin skeletons (Ossuary)
  4 hobgoblin zombies (Ossuary)
  3 kobold skeletons (Ossuary)
  2 kobold zombies (Ossuary)
  2 orc skeletons (Ossuary)
  2 orc zombies (Ossuary)
  2 rat skeletons (Ossuary)
23 creatures vanquished.

Grand Total: 327 creatures vanquished

Notes
Turn   | Place    | Note
-------+----------+-------------------------------------------
     0 | D:1      | Peterchen the Minotaur Berserker began the quest for the Orb.
     0 | D:1      | Reached XP level 1. HP: 19/19 MP: 0/0
    76 | D:1      | Reached skill level 4 in Axes
   100 | D:1      | Reached XP level 2. HP: 20/26 MP: 1/1
   455 | D:1      | Reached skill level 5 in Axes
   659 | D:1      | Reached XP level 3. HP: 31/31 MP: 2/2
   788 | D:2      | Reached ** piety under Trog
  1088 | D:2      | Reached XP level 4. HP: 22/39 MP: 3/3
  1093 | D:2      | Reached skill level 6 in Axes
  1374 | D:2      | Found a deep blue altar of Sif Muna.
  1455 | D:2      | Found a radiant altar of Vehumet.
  1458 | D:2      | Found a shimmering altar of Xom.
  1461 | D:2      | Found a stormy altar of Qazlal.
  1750 | D:3      | Noticed Ijyb
  1778 | D:2      | Killed Ijyb
  1885 | D:3      | Found an ornate altar of the Wu Jian Council.
  1953 | D:3      | Reached *** piety under Trog
  2020 | D:3      | Reached skill level 7 in Axes
  2020 | D:3      | Reached XP level 5. HP: 42/45 MP: 4/4
  2202 | D:3      | Noticed Natasha
  2213 | D:3      | Killed Natasha
  2282 | D:3      | Noticed Terence
  2287 | D:3      | Killed Terence
  2294 | D:3      | Reached skill level 8 in Axes
  2392 | D:3      | You fall through a shaft!
  2448 | D:4      | Reached XP level 6. HP: 38/51 MP: 5/5
  2646 | D:4      | Found a sand-covered staircase.
  2654 | Ossuary  | Entered an ossuary
  3044 | Ossuary  | Reached **** piety under Trog
  3100 | Ossuary  | Noticed Menkaure
  3111 | Ossuary  | Killed Menkaure
  3111 | Ossuary  | Reached skill level 9 in Axes
  3484 | D:3      | Noticed Natasha
  3494 | D:3      | Killed Natasha
  3494 | D:3      | Reached XP level 7. HP: 50/57 MP: 6/6
  3656 | D:5      | Entered Level 5 of the Dungeon
  3752 | D:5      | Reached skill level 10 in Axes
  3773 | D:5      | Found an iron altar of Okawaru.
  3858 | D:5      | Noticed RedPan's ghost (amateur DsMo)
  3937 | D:5      | Killed RedPan's ghost
  3937 | D:5      | Reached skill level 11 in Axes
  3937 | D:5      | Reached XP level 8. HP: 64/64 MP: 7/7
  4020 | D:5      | Reached ***** piety under Trog
  4192 | D:5      | Found Yczem's Gadget Emporium.
  4220 | D:6      | Reached skill level 12 in Axes
  4329 | D:6      | Found an ancient bone altar of Kikubaaqudgha.
  4371 | D:6      | Noticed Grinder
  4392 | D:6      | Killed Grinder
  4601 | D:6      | Found a staircase to the Ecumenical Temple.
  4740 | D:6      | Reached skill level 13 in Axes
  5325 | D:7      | Reached XP level 9. HP: 62/70 MP: 8/8
  5341 | D:7      | Reached skill level 14 in Axes
  5681 | D:7      | Reached skill level 15 in Axes
  5686 | D:7      | Received a gift from Trog
  6022 | D:7      | Found a glowing silver altar of Zin.
  6407 | D:8      | Noticed a two-headed ogre
  6417 | D:8      | Killed a two-headed ogre
  6417 | D:8      | Reached skill level 16 in Axes
  6417 | D:8      | Reached XP level 10. HP: 65/77 MP: 3/9
  7094 | D:8      | Noticed a two-headed ogre
  7100 | D:8      | Killed a two-headed ogre
  7100 | D:8      | Reached skill level 17 in Axes
  7401 | D:9      | Noticed a death yak
  7411 | D:9      | Killed a death yak
  7411 | D:9      | Reached skill level 18 in Axes
  7414 | D:9      | Noticed a death yak
  7416 | D:9      | Noticed a death yak
  7426 | D:9      | Killed a death yak
  7433 | D:9      | Killed a death yak
  7433 | D:9      | Reached XP level 11. HP: 24/82 MP: 3/10
  7437 | D:9      | HP: 4/82 [centaur (4)]
  7778 | D:9      | Found a staircase to the Lair.
  7976 | D:9      | Reached skill level 19 in Axes
  8144 | D:9      | Found a shattered altar of Ashenzari.
  8144 | D:9      | Found a hazy altar of Hepliaklqana.
  8296 | D:10     | Entered Level 10 of the Dungeon
  8516 | D:10     | Noticed a purple ugly thing
  8527 | D:10     | Killed a purple ugly thing
  8690 | D:10     | Received a gift from Trog
  8902 | D:10     | Noticed a two-headed ogre
  8915 | D:10     | Killed a two-headed ogre
  9366 | D:11     | Found a staircase to the Orcish Mines.
  9841 | D:11     | Noticed Snorg
  9863 | D:11     | HP: 1/82 [Snorg (15)]
  9863 | D:11     | Slain by Snorg

Vault maps used:
D:1:      lightli_arrival_windingriver, minmay_unequal
D:2:      grunt_temple_overflow_diamond, first_ration, lemuel_blue_sif_altar
D:3:      lemuel_crystal_altar, uniq_natasha, uniq_terence, uniq_ijyb
D:4:      enter_ossuary_3
D:5:      serial_shops, kennysheep_mini, okawaru_gym_becter
D:6:      lemuel_crystal_altar, minmay_temple_entry_mist, uniq_grinder
D:7:      basic_altar, minivault_4, grunt_livestock
D:9:      amethyst_overflow_temple_binary, dpeg_lair_monsters
D:11:     orc_david_3, minmay_misc_feat_roman, uniq_snorg
Ossuary:  ossuary_due_pyramid

Skill      XL: |  1  2  3  4  5  6  7  8  9 10 11 |
---------------+----------------------------------+-----
Axes           | 4 5 7 8 9 11 13 16 18 19 | 19.9
Fighting       | |  3.6
Armour         | |  2.4
Dodging        | |  2.1

Action                   |  1- 3 |  4- 6 |  7- 9 | 10-12 || total
-------------------------+-------+-------+-------+-------++-------
Melee: Hand axe          |    98 |   202 |   282 |       ||   582
       Headbutt          |    13 |    35 |    49 |    38 ||   135
       Battleaxe         |       |       |    24 |   264 ||   288
Invok: Berserk           |       |     7 |     4 |     5 ||    16
       Brothers in Arms  |       |       |       |     3 ||     3
  Use: Scroll            |       |     8 |       |     7 ||    15
 Stab: Sleeping          |     1 |       |       |       ||     1
  Eat: Chunk             |     1 |    11 |    10 |    15 ||    37
       Ration            |       |     1 |     1 |       ||     2
Armor: Animal skin       |    21 |     3 |       |       ||    24
       Chain mail        |       |    31 |       |       ||    31
       Leather armour    |       |     1 |       |       ||     1
       Scale mail        |       |    28 |    84 |     8 ||   120
       Plate armour      |       |       |       |   122 ||   122
Dodge: Dodged            |    37 |    24 |    60 |    91 ||   212
Block: Large shield      |    47 |   104 |   132 |       ||   283

Table legend:
 A = Spawn XP
 B = Non-spawn XP
 C = Spawn XP percentage of total XP
 D = Spawn monster count
 E = Non-spawn monster count
 F = Spawn count percentage of total count
 G = Total turns spent on level
                    A         B        C        D         E        F      G
               +---------+---------+-------+---------+---------+-------+---------
         Total |       0 |   16219 |   0.0 |       0 |     298 |   0.0 |  9863
               +---------+---------+-------+---------+---------+-------+---------
           D:1 |       0 |      42 |   0.0 |       0 |      23 |   0.0 |   778
           D:2 |       0 |     107 |   0.0 |       0 |      24 |   0.0 |   879
           D:3 |       0 |     265 |   0.0 |       0 |      30 |   0.0 |   942
           D:4 |       0 |     127 |   0.0 |       0 |      13 |   0.0 |   545
           D:5 |       0 |     868 |   0.0 |       0 |      22 |   0.0 |   498
           D:6 |       0 |    1104 |   0.0 |       0 |      26 |   0.0 |  1121
           D:7 |       0 |    2062 |   0.0 |       0 |      29 |   0.0 |  1101
           D:8 |       0 |    2770 |   0.0 |       0 |      23 |   0.0 |  1113
           D:9 |       0 |    4967 |   0.0 |       0 |      42 |   0.0 |   807
          D:10 |       0 |    2247 |   0.0 |       0 |      18 |   0.0 |  1006
          D:11 |       0 |    1446 |   0.0 |       0 |      23 |   0.0 |   561
       Ossuary |       0 |     214 |   0.0 |       0 |      25 |   0.0 |   512
               +---------+---------+-------+---------+---------+-------+---------
